[Event "Team 45 45 League T52"]
[Site "Internet Chess Club"]
[Date "2012.03.11"]
[Round "4"]
[White "DreamCatcher13"]
[Black "eurander"]
[Result "0-1"]
[WhiteElo "1946"]
[BlackElo "2140"]
[Opening "Caro-Kann: exchange variation"]
[ECO "B13"]
[Time "16:51:27"]
[TimeControl "2700+45"]

1. e4 c6 2. d4 d5 3. exd5 cxd5 4. Nf3 Nc6 5. Be2 Bg4 6. O-O e6 7. Bf4 Nf6 8. c3
Bd6 9. Ne5 Bxe2 10. Qxe2 Ne4 11. Nd2 Nxd2 12. Qxd2 O-O 13. Rfe1 Qc7 14. Rac1
Rfc8 15. Bg3 b5 16. Nd3 Bxg3 17. hxg3 Qa5 18. a3 Nxd4 19. b4 Nb3 20. Qb2 Nxc1
21. bxa5 Nxd3 22. Qd2 Nxe1 23. Qxe1 Rc5 24. a6 Rac8 25. Qb1 g6 26. Qb4 R8c7 27.
Kf1 Kg7 28. Ke2 Rxc3 29. Qxb5 Rxa3 30. Qb8 Rc2+ 31. Kd1 Rxf2 32. Qe5+ Rf6 33. g4
h6 34. Qe2 Ra1+ 35. Kc2 Ra2+ 36. Kd3 Rxe2 {White resigns} 0-1

[Event "Team 45 45 League T52"]
[Site "Internet Chess Club"]
[Date "2012.03.10"]
[Round "4"]
[White "kidviper"]
[Black "fishhead"]
[Result "1/2-1/2"]
[WhiteElo "1979"]
[BlackElo "1835"]
[Opening "King's Indian: 5.Nf3"]
[ECO "E90"]
[Time "14:01:29"]
[TimeControl "2700+45"]

1. d4 Nf6 2. Nf3 g6 3. c4 Bg7 4. Nc3 d6 5. e4 c6 6. Be2 Qc7 7. e5 dxe5 8. Nxe5
Nfd7 9. f4 c5 10. Nd5 Qd6 11. Be3 cxd4 12. Nxd7 dxe3 13. Nxb8 Rxb8 14. Qa4+ Bd7
15. Qxa7 O-O 16. Rd1 Bc6 17. O-O Bxb2 18. Qxe3 Ba3 19. Kh1 Bc5 20. Qh3 Kg7 21.
f5 Qe5 22. f6+ exf6 23. Nxf6 h6 24. Ng4 Qg5 25. Bf3 h5 26. Bxc6 bxc6 27. Qc3+
Kh7 28. Nf6+ Kh6 29. Nd7 Bb4 30. Qf3 f5 31. Nxb8 Rxb8 32. Qxc6 Bc3 33. Qf3 Bd2
34. Rf2 Be3 35. Re2 f4 36. Rc2 Qf5 37. Re2 Rb1 38. Qf1 Rb4 39. h3 Qe4 40. Rd7
Qxc4 41. Re1 Qc6 42. Qd3 Rb2 43. Qd5 Qxd5 44. Rxd5 Rxa2 45. Rd7 Ra6 46. Rb1 Kg5
47. Rdb7 Kh4 48. R7b4 Kg3 49. Rf1 Kh4 50. Kh2 Ra2 51. Rf3 Re2 52. Rf1 g5 53. Kh1
Bf2 54. Rb3 g4 55. hxg4 hxg4 56. Rb7 Kg3 57. Rh7 Be3 58. Rg7 Bd4 59. Rd7 f3 60.
Rxd4 fxg2+ 61. Kg1 gxf1=Q+ 62. Kxf1 Rf2+ 63. Kg1 Rb2 64. Rd3+ Kh4 65. Rd4 Kh3
66. Rd3+ g3 67. Rd1 Kg4 68. Rd3 Kf4 69. Rc3 {Game drawn by mutual agreement}
1/2-1/2

[Event "Team 45 45 League T52"]
[Site "Internet Chess Club"]
[Date "2012.03.10"]
[Round "4"]
[White "IshanR"]
[Black "kidcobra"]
[Result "0-1"]
[WhiteElo "1811"]
[BlackElo "1741"]
[Opening "Scandinavian, Mieses-Kotrc gambit"]
[ECO "B01"]
[Time "10:01:06"]
[TimeControl "2700+45"]

1. e4 d5 2. exd5 Qxd5 3. Nc3 Qa5 4. b4 Qxb4 5. Rb1 Qd6 6. Nf3 e6 7. Bd3 c6 8.
O-O Nf6 9. Rb3 Qc7 10. Re1 Bd6 11. Ba3 Bxa3 12. Rxa3 Nbd7 13. Qe2 O-O 14. Qe3
Qb6 15. Qg5 Qc5 16. Ra5 Qxg5 17. Rxg5 h6 18. Rg3 Nc5 19. Bc4 b5 20. Bf1 Bb7 21.
d4 Ncd7 22. Ne5 Nxe5 23. Rxe5 Rad8 24. Rd3 Nd5 25. Ne4 Nb4 26. Rd2 Rd5 27. Nc5
Bc8 28. c3 Na6 29. Nd3 Rfd8 30. Re1 c5 31. Nf4 Rf5 32. Ne2 c4 33. Ng3 Rfd5 34.
Rb2 Nc7 35. f4 Re8 36. Ne4 f5 37. Nc5 Bd7 38. g3 Rd6 39. Bg2 Bc6 40. Ra1 Bxg2
41. Kxg2 Rb8 42. a4 a6 43. axb5 Rxb5 44. Rba2 Rbb6 45. Ra4 Nd5 46. R1a3 Kf7 47.
Kf3 Rb2 48. h4 Rd2 49. Rxc4 Nf6 50. Rb4 Ng4 51. Rb7+ Kg6 52. Ne4 Rd3+ 53. Kg2
fxe4 54. Ra5 Rxc3 55. h5+ Kh7 56. Kh3 Nf6 57. Kh4 Rxd4 58. Rxa6 Rd1 59. Kh3 Rc2
60. g4 Rd3+ 61. Kh4 Rh2# {White checkmated} 0-1

[Event "Team 45 45 League T52"]
[Site "Internet Chess Club"]
[Date "2012.03.10"]
[Round "4"]
[White "julesraider"]
[Black "mongmong"]
[Result "0-1"]
[WhiteElo "1579"]
[BlackElo "1676"]
[Opening "Nimzo-Indian: classical variation"]
[ECO "E32"]
[Time "20:02:57"]
[TimeControl "2700+45"]

1. d4 e6 2. c4 Nf6 3. Nc3 Bb4 4. Qc2 O-O 5. a3 Bxc3+ 6. Qxc3 b6 7. Bf4 Bb7 8. e3
d6 9. Ne2 Nbd7 10. b4 Qe7 11. Qc2 Rfe8 12. Nc3 e5 13. dxe5 dxe5 14. Bg5 Qe6 15.
e4 c5 16. Nb5 Rec8 17. Rd1 Bxe4 18. Bd3 Bxg2 19. Rg1 Bf3 20. Rd2 a6 21. Bxf6
Nxf6 22. Bf5 Qe7 23. Bxc8 axb5 24. Bf5 cxb4 25. cxb5 bxa3 26. Qb3 e4 27. Rg3 g6
28. Kf1 Qe5 29. Rxf3 exf3 30. Qxf3 Re8 31. Re2 Qxe2+ 32. Qxe2 Rxe2 33. Kxe2 gxf5
{White resigns} 0-1

[Event "Team 45 45 League T52"]
[Site "Internet Chess Club"]
[Date "2012.03.13"]
[Round "4"]
[White "AntonioMendonca"]
[Black "megaj"]
[Result "1-0"]
[WhiteElo "1706"]
[BlackElo "1953"]
[Opening "Sicilian defense"]
[ECO "B20"]
[Time "16:18:19"]
[TimeControl "2700+45"]

1. e4 c5 2. b3 d6 3. Bb2 Nf6 4. Nc3 g6 5. Bb5+ Bd7 6. Bxd7+ Qxd7 7. Nd5 Bg7 8.
Qf3 Qd8 9. Nxf6+ Bxf6 10. e5 Bxe5 11. Bxe5 dxe5 12. Qxb7 Nd7 13. Nf3 O-O 14. O-O
Nf6 15. Nxe5 Qxd2 16. Qxe7 Qf4 17. Qxc5 Rfc8 18. Qe3 Qf5 19. Nc4 Qxc2 20. Qf3
Kg7 21. Rfe1 Re8 22. Nd6 Rxe1+ 23. Rxe1 Qxa2 24. Qxa8 Qd2 25. Ne8+ Kh6 26. Rf1
Ng4 27. Qf3 Qg5 28. Qh3+ Qh5 29. Qxh5+ Kxh5 {Black resigns} 1-0

[Event "Team 45 45 League T52"]
[Site "Internet Chess Club"]
[Date "2012.03.10"]
[Round "4"]
[White "ramirozp"]
[Black "rahulr"]
[Result "1-0"]
[WhiteElo "1747"]
[BlackElo "1571"]
[Opening "Alekhine's defense: exchange variation"]
[ECO "B03"]
[Time "16:04:35"]
[TimeControl "2700+45"]

1. e4 Nf6 2. e5 Nd5 3. d4 d6 4. c4 Nb6 5. exd6 exd6 6. Nc3 Be7 7. Bd3 O-O 8. Nf3
Bg4 9. h3 Bxf3 10. Qxf3 Nc6 11. O-O Re8 12. a3 Na5 13. Qf5 Bf6 14. Qxh7+ Kf8 15.
Qh8+ Ke7 16. Re1+ Kd7 17. Bf5+ Re6 18. Qh5 Ke7 19. Bxe6 fxe6 20. Qxa5 {Black
resigns} 1-0

[Event "Team 45 45 League T52"]
[Site "Internet Chess Club"]
[Date "2012.03.10"]
[Round "4"]
[White "Signalman"]
[Black "lechuguita"]
[Result "1/2-1/2"]
[WhiteElo "1541"]
[BlackElo "1577"]
[Opening "Center game: Berger variation"]
[ECO "C22"]
[Time "09:35:19"]
[TimeControl "2700+45"]

1. e4 e5 2. d4 exd4 3. Qxd4 Nc6 4. Qe3 Nf6 5. Nc3 Bb4 6. Bd2 O-O 7. O-O-O Re8 8.
Qg3 Rxe4 9. a3 Bd6 10. f4 Re8 11. Nf3 Bc5 12. Bd3 d5 13. Rde1 Rxe1+ 14. Rxe1 Bg4
15. Ne5 Be6 16. Nxc6 bxc6 17. f5 Bd7 18. Bf4 Bb6 19. Bh6 Nh5 20. Qg4 g6 21. Bg5
Qf8 22. Be7 Qg7 23. Bh4 Bd4 24. Kd2 Bf6 25. Bg3 Nxg3 26. hxg3 Qh6+ 27. Kd1 Re8
28. Rxe8+ Bxe8 29. fxg6 Qh1+ 30. Kd2 Qxg2+ 31. Ne2 hxg6 32. Bxg6 Bg7 33. Qc8 Kf8
34. Bf5 d4 35. Bd7 Qe4 36. Bxe8 Qxe8 37. Qxc7 Qe3+ 38. Ke1 d3 39. Qd8+ Qe8 40.
Qxd3 Bxb2 41. Qb3 Be5 42. Qb4+ Kg7 43. Qg4+ Kf8 44. Qb4+ {Game drawn by mutual
agreement} 1/2-1/2

[Event "Team 45 45 League T52"]
[Site "Internet Chess Club"]
[Date "2012.03.10"]
[Round "4"]
[White "jps7"]
[Black "werty"]
[Result "1/2-1/2"]
[WhiteElo "1692"]
[BlackElo "1525"]
[Opening "Queen's pawn"]
[ECO "A40"]
[Time "14:34:10"]
[TimeControl "2700+45"]

1. d4 e6 2. Nf3 d5 3. e3 Nc6 4. a3 g6 5. Bd3 Bg7 6. O-O Nf6 7. b3 O-O 8. Bb2 b6
9. Nbd2 Bb7 10. Rc1 Re8 11. Ne5 Nxe5 12. dxe5 Ne4 13. Nxe4 dxe4 14. Be2 Qxd1 15.
Rcxd1 Rad8 16. b4 Bf8 17. Bb5 c6 18. Be2 Be7 19. c4 c5 20. b5 a5 21. a4 Kg7 22.
Rxd8 Rxd8 23. Rd1 Rxd1+ 24. Bxd1 h5 25. Bc2 g5 26. h3 Kh6 27. g3 g4 28. hxg4
hxg4 29. Bd1 Kg5 30. Bc2 Ba8 31. Kf1 Bb7 32. Ke2 Ba8 33. Kd2 {Game drawn by
mutual agreement} 1/2-1/2

[Event "Team 45 45 League T52"]
[Site "Internet Chess Club"]
[Date "2012.03.11"]
[Round "4"]
[White "chsrules88"]
[Black "Deckfuel"]
[Result "1/2-1/2"]
[WhiteElo "1933"]
[BlackElo "1909"]
[Opening "Sicilian"]
[ECO "B50"]
[Time "17:00:23"]
[TimeControl "2700+45"]

1. e4 c5 2. Nf3 d6 3. Bd3 g6 4. O-O Bg7 5. h3 Nc6 6. c3 Nf6 7. Bc2 e5 8. d4 exd4
9. cxd4 O-O 10. d5 Nb4 11. Nc3 Nxc2 12. Qxc2 Re8 13. Re1 a6 14. a4 Rb8 15. Bf4
Nh5 16. Bh2 f5 17. exf5 Bxf5 18. Rxe8+ Qxe8 19. Qd2 Qd7 20. Re1 Rf8 21. Qe3 Bxc3
22. bxc3 Nf6 23. Qf4 Nxd5 24. Qxd6 Nxc3 25. Re7 Qxd6 26. Bxd6 Ne4 27. Be5 Rf7
28. Re8+ Rf8 29. Re7 {Game drawn by mutual agreement} 1/2-1/2

[Event "Team 45 45 League T52"]
[Site "Internet Chess Club"]
[Date "2012.03.09"]
[Round "4"]
[White "Goli"]
[Black "DarkFlow"]
[Result "1/2-1/2"]
[WhiteElo "1900"]
[BlackElo "1894"]
[Opening "Ruy Lopez: exchange variation"]
[ECO "C68"]
[Time "15:00:44"]
[TimeControl "2700+45"]

1. e4 e5 2. Nf3 Nc6 3. Bb5 a6 4. Bxc6 dxc6 5. h3 Bd6 6. O-O Ne7 7. d4 exd4 8.
Qxd4 O-O 9. e5 Nf5 10. Qd3 Be7 11. Qxd8 Rxd8 12. Nc3 Be6 13. a3 Rd7 14. Bf4 Rad8
15. Rfd1 Nd4 16. Nxd4 Rxd4 17. Be3 Rxd1+ 18. Rxd1 Rxd1+ 19. Nxd1 Bf5 20. c4 f6
21. Bd4 fxe5 22. Bxe5 Bd6 23. Bc3 {Game drawn by mutual agreement} 1/2-1/2

[Event "Team 45 45 League T52"]
[Site "Internet Chess Club"]
[Date "2012.03.12"]
[Round "4"]
[White "ghostfire"]
[Black "justice02"]
[Result "0-1"]
[WhiteElo "1762"]
[BlackElo "1776"]
[Opening "Caro-Kann: exchange variation"]
[ECO "B13"]
[Time "22:00:04"]
[TimeControl "2700+45"]

1. e4 c6 2. d4 d5 3. exd5 cxd5 4. Bd3 Nc6 5. c3 Nf6 6. h3 g6 7. Nf3 Bg7 8. O-O
O-O 9. Re1 a6 10. Nbd2 Qc7 11. Nb3 Nh5 12. Bg5 Nf4 13. Bc2 Re8 14. Qd2 Nh5 15.
Bh6 Bh8 16. Qg5 e5 17. dxe5 Nxe5 18. Nxe5 Rxe5 19. Rxe5 Bxe5 20. Re1 f6 21. Qd2
Be6 22. Nd4 Bf7 23. Nf3 Bd6 24. Bb3 Qc6 25. g4 Ng7 26. Qd4 Bc5 27. Qf4 g5 28.
Qd2 a5 29. Nd4 Qd6 30. Bxg7 Bxd4 31. Qxd4 Kxg7 32. Rd1 Re8 33. c4 Re5 34. cxd5
b5 35. a3 a4 36. Ba2 h5 37. Qd3 hxg4 38. hxg4 Qd7 39. Bb1 Qxg4+ 40. Kf1 Qh5 41.
Kg1 Bxd5 42. Qxd5 Rxd5 43. Rxd5 Qg4+ 44. Kf1 Qh3+ 45. Kg1 Qg4+ 46. Kh2 Kh6 47.
Rd8 f5 48. Rd6+ Kg7 49. Rd7+ Kf6 50. Ba2 f4 51. Rd6+ Ke5 52. Rd5+ Ke4 53. Rxb5
Kf3 54. Bd5+ Kxf2 {White resigns} 0-1

[Event "Team 45 45 League T52"]
[Site "Internet Chess Club"]
[Date "2012.03.09"]
[Round "4"]
[White "randallsr"]
[Black "Egmont"]
[Result "1/2-1/2"]
[WhiteElo "1730"]
[BlackElo "1764"]
[Opening "English opening"]
[ECO "A05"]
[Time "10:09:00"]
[TimeControl "2700+45"]

1. Nf3 Nf6 2. c4 g6 3. b3 Bg7 4. Bb2 O-O 5. g3 d6 6. Bg2 e5 7. d3 Nc6 8. Na3 Ng4
9. Qd2 f5 10. h3 Nf6 11. Nh2 a5 12. Nc2 f4 13. g4 Qe7 14. Rb1 e4 15. Bxf6 Rxf6
16. Bxe4 Ne5 17. Nd4 c6 18. Kd1 Rf8 19. Nc2 Qh4 20. f3 Qxh3 21. Qe1 Be6 22. d4
d5 23. Bd3 Nxd3 24. exd3 Rfe8 25. Qf1 Qxf1+ 26. Rxf1 Rad8 27. c5 Re7 28. Kd2
Rde8 29. Rfe1 Bf7 30. Rxe7 Rxe7 31. Re1 Kf8 32. Rxe7 Kxe7 {Game drawn by mutual
agreement} 1/2-1/2

[Event "Team 45 45 League T52"]
[Site "Internet Chess Club"]
[Date "2012.03.12"]
[Round "4"]
[White "CuatroPrincesas"]
[Black "Zumbi"]
[Result "1-0"]
[WhiteElo "2145"]
[BlackElo "2134"]
[Opening "Alekhine's defense: exchange variation"]
[ECO "B03"]
[Time "17:01:20"]
[TimeControl "2700+45"]

1. e4 Nf6 2. e5 Nd5 3. d4 d6 4. c4 Nb6 5. exd6 exd6 6. Nc3 Nc6 7. d5 Ne5 8. b3
Be7 9. Nf3 Bg4 10. Be2 Nxf3+ 11. Bxf3 Bxf3 12. Qxf3 O-O 13. O-O Bg5 14. Ba3 Bf6
15. Rac1 Bxc3 16. Qxc3 Nd7 17. Bb2 Qf6 18. Qd2 Qf5 19. Rc3 f6 20. Rf3 Qg6 21.
Re3 Rae8 22. Rfe1 b6 23. h3 Rxe3 24. Qxe3 Qf7 25. Kh2 Ra8 26. Qe4 g6 27. Qh4 g5
28. Qe4 Kf8 29. Qf5 Re8 30. Re6 Qg6 31. Qf3 Rxe6 32. dxe6 Ne5 33. Qa8+ Ke7 34.
Qc8 Qe8 35. Qxc7+ Kxe6 36. Bxe5 dxe5 37. Qxa7 Qd8 38. c5 bxc5 39. Qxc5 Qd2 40.
a4 h5 41. a5 h4 42. a6 Qf4+ 43. Kg1 Kd7 44. a7 Qe4 45. b4 f5 46. b5 g4 47. Qc6+
{Black resigns} 1-0

[Event "Team 45 45 League T52"]
[Site "Internet Chess Club"]
[Date "2012.03.13"]
[Round "4"]
[White "grabuark"]
[Black "Fezzik"]
[Result "1/2-1/2"]
[WhiteElo "2177"]
[BlackElo "2148"]
[Opening "French: advance, Paulsen attack"]
[ECO "B22"]
[Time "21:12:36"]
[TimeControl "2700+45"]

1. e4 c5 2. c3 e6 3. d4 d5 4. e5 Nc6 5. Nf3 Qb6 6. a3 c4 7. Nbd2 f6 8. Be2 fxe5
9. Nxe5 Nxe5 10. dxe5 Bc5 11. O-O Ne7 12. b4 cxb3 13. Nxb3 O-O 14. Nxc5 Qxc5 15.
Qd3 Rf7 16. a4 Qc7 17. f4 Bd7 18. Be3 a6 19. Rfc1 Rd8 20. Rab1 b5 21. Qd2 Rb8
22. axb5 Bxb5 23. c4 Bxc4 24. Rxb8+ Qxb8 25. Bxc4 dxc4 {Game drawn by mutual
agreement} 1/2-1/2

[Event "Team 45 45 League T52"]
[Site "Internet Chess Club"]
[Date "2012.03.10"]
[Round "4"]
[White "Truxton"]
[Black "Tobiasdelmonte"]
[Result "0-1"]
[WhiteElo "1891"]
[BlackElo "1832"]
[Opening "Alekhine's defense"]
[ECO "B03"]
[Time "20:00:08"]
[TimeControl "2700+45"]

1. e4 Nf6 2. e5 Nd5 3. d4 d6 4. exd6 exd6 5. c4 Nb6 6. Nf3 Be7 7. Be3 Bg4 8. Be2
O-O 9. Nc3 Bf6 10. Rc1 Re8 11. O-O Nc6 12. b3 Qd7 13. Qd2 Rad8 14. Rfe1 h6 15.
d5 Bxf3 16. Bxf3 Ne5 17. Be2 Ng4 18. Bf4 Qf5 19. f3 Ne5 20. Nb5 Rd7 21. Nxa7
Rde7 22. Nb5 Ng6 23. Nxd6 cxd6 24. Bxd6 Bg5 25. Qc2 Qd7 26. Bxe7 Bxc1 27. Bc5
Be3+ 28. Bxe3 Rxe3 29. Qd2 Re5 30. f4 Re8 31. g3 Qf5 32. Bf3 Rxe1+ 33. Qxe1 Qd3
34. Kf2 Qc2+ 35. Qe2 Qc3 36. Qe3 Qb2+ 37. Be2 Nd7 38. Qa7 Nf6 39. Kf3 Qc3+ 40.
Qe3 Qe1 41. Qf2 Qb1 42. Qe3 Qh1+ 43. Kf2 Ne4+ {White resigns} 0-1

[Event "Team 45 45 League T52"]
[Site "Internet Chess Club"]
[Date "2012.03.11"]
[Round "4"]
[White "Goli"]
[Black "Portola"]
[Result "0-1"]
[WhiteElo "1774"]
[BlackElo "1708"]
[Opening "French: exchange variation"]
[ECO "C01"]
[Time "14:00:25"]
[TimeControl "2700+45"]

1. e4 e6 2. d4 d5 3. exd5 exd5 4. Bd3 Nf6 5. Ne2 Bg4 6. f3 Bh5 7. Bg5 Be7 8.
Nbc3 c6 9. Qd2 Nbd7 10. O-O-O O-O 11. g4 Bg6 12. h4 Bxd3 13. Qxd3 a5 14. h5 b5
15. Rde1 Re8 16. Bd2 Nb6 17. g5 Nfd7 18. g6 fxg6 19. hxg6 h6 20. Qf5 Bf6 21.
Reg1 Re7 22. Nf4 Qe8 23. Re1 Bxd4 24. Ne6 Be5 25. Nf4 Nc4 26. Nd3 Nxd2 27. Kxd2
Rd8 28. Nd1 Qf8 29. Qg4 Rde8 30. f4 Bf6 31. Rxe7 Rxe7 32. Qf3 Qe8 33. f5 Bg5+
34. Kc3 b4+ 35. Kb3 Re2 36. a3 bxa3 37. Kxa3 Re4 38. Nc3 Re3 39. Qd1 Qe7+ 40.
Ka2 Nb6 41. b3 Bf6 42. Nb1 a4 43. b4 Nc4 44. Rh2 a3 45. Nc5 Qe5 46. Nd3 Qxh2 47.
Qg4 Qxc2+ {White resigns} 0-1

[Event "Team 45 45 League T52"]
[Site "Internet Chess Club"]
[Date "2012.03.10"]
[Round "4"]
[White "chess9793"]
[Black "Lucas"]
[Result "1/2-1/2"]
[WhiteElo "2172"]
[BlackElo "2170"]
[Opening "Caro-Kann: Tartakower (fantasy) variation"]
[ECO "B12"]
[Time "13:00:49"]
[TimeControl "2700+45"]

1. e4 c6 2. d4 d5 3. f3 dxe4 4. fxe4 Nf6 5. e5 Nd5 6. c4 Nb6 7. Nf3 Bg4 8. Be3
e6 9. Bd3 Be7 10. O-O O-O 11. Nc3 N8d7 12. Ne4 Bf5 13. Qc2 Rc8 14. Rad1 Qc7 15.
Nc5 Bxd3 16. Qxd3 Rfd8 17. Ne4 h6 18. Bf4 Nf8 19. Nd6 Ra8 20. Nd2 Bxd6 21. exd6
Qc8 22. Rf3 c5 23. Rdf1 Rd7 24. Ne4 cxd4 25. Bxh6 f5 26. Qxd4 Qxc4 27. Nf6+ Kf7
28. Qxc4 Nxc4 29. Nxd7 Nxd7 30. Bg5 Nde5 31. Rc3 Nxd6 32. Rc7+ Kg6 33. Bf4 Nef7
34. Rd7 Nc4 35. Rc1 Nxb2 36. Rcc7 Rf8 37. Rxb7 Nc4 38. Rxa7 e5 39. Bc1 e4 40.
Kf2 Nce5 41. Rdc7 Nd3+ 42. Ke3 Nfe5 43. Rxg7+ Kf6 44. Rgc7 Ng4+ 45. Ke2 Rb8 46.
Bd2 Rb2 47. Rc6+ Ke5 48. Ra5+ Kd4 49. Rd6+ Kc4 50. Rc6+ Kd4 51. Rd6+ Kc4 52.
Rc6+ Kd4 {Game drawn by repetition} 1/2-1/2

[Event "Team 45 45 League T52"]
[Site "Internet Chess Club"]
[Date "2012.03.12"]
[Round "4"]
[White "sonoftill"]
[Black "elmaestro"]
[Result "0-1"]
[WhiteElo "1839"]
[BlackElo "1890"]
[Opening "Sicilian: closed"]
[ECO "B23"]
[Time "16:32:35"]
[TimeControl "2700+45"]

1. e4 c5 2. Nc3 d6 3. f4 Nc6 4. Nf3 Nf6 5. Bc4 e6 6. O-O Be7 7. d3 O-O 8. a3 a6
9. Ba2 Qc7 10. Qe1 b5 11. Qg3 Nh5 12. Qh3 g6 13. g4 Ng7 14. Ne2 f5 15. exf5 gxf5
16. gxf5 Nxf5 17. Kh1 Kh8 18. Ng5 Bxg5 19. fxg5 Qg7 20. Bd2 Ne5 21. Ng3 Nxg3+
22. Qxg3 Bb7+ 23. Kg1 Nf3+ 24. Rxf3 Rxf3 25. Qe1 Qd4+ {White resigns} 0-1

[Event "Team 45 45 League T52"]
[Site "Internet Chess Club"]
[Date "2012.03.11"]
[Round "4"]
[White "leland"]
[Black "matein7"]
[Result "0-1"]
[WhiteElo "1843"]
[BlackElo "1794"]
[Opening "Scandinavian defense"]
[ECO "B01"]
[Time "20:00:19"]
[TimeControl "2700+45"]

1. e4 d5 2. exd5 Nf6 3. d4 Bg4 4. Be2 Bxe2 5. Qxe2 Qxd5 6. Nf3 e6 7. c3 c5 8.
O-O Nc6 9. Rd1 Rd8 10. c4 Qe4 11. Nc3 Qxe2 12. Nxe2 Be7 13. Bf4 O-O 14. dxc5 Ne4
15. Ng3 Nxc5 16. Ne5 Nxe5 17. Bxe5 Nd3 18. Bc3 f5 19. Rd2 Bc5 20. Kf1 e5 21. a3
e4 22. Rad1 Be7 23. Rb1 e3 24. fxe3 f4 25. exf4 Rxf4+ 26. Ke2 Rf2+ 27. Kd1 Rxd2+
28. Bxd2 Ne5 29. Ke2 Nxc4 30. Bc3 b5 31. Rd1 Rxd1 32. Kxd1 Ne3+ 33. Ke2 Nxg2 34.
Kf3 Nh4+ 35. Ke4 Kf7 36. Ne2 g5 37. h3 h5 38. Nd4 a6 39. Ne2 Bf6 40. Ng3 Bxc3
41. bxc3 Kg6 42. Ne2 Nf5 43. Kf3 Nd6 44. Nd4 Nc4 45. Nc2 Nd2+ 46. Kg3 Ne4+ 47.
Kf3 Nxc3 48. Nb4 a5 49. Nc6 b4 50. axb4 a4 51. Nd4 a3 52. Nc2 a2 53. Kg3 Nb5 54.
Na1 Kf5 55. Kf3 Nd4+ 56. Kg3 Ke4 {White resigns} 0-1

[Event "Team 45 45 League T52"]
[Site "Internet Chess Club"]
[Date "2012.03.09"]
[Round "4"]
[White "King-Ghost"]
[Black "chiiwen"]
[Result "1/2-1/2"]
[WhiteElo "2217"]
[BlackElo "2226"]
[Opening "QGD Slav: 4.Nc3"]
[ECO "D15"]
[Time "20:07:44"]
[TimeControl "2700+45"]

1. Nf3 d5 2. d4 Nf6 3. c4 c6 4. Nc3 a6 5. a4 e6 6. e3 a5 7. Bd3 Na6 8. O-O Nb4
9. e4 dxe4 10. Bxe4 Be7 11. Ra3 b6 12. Qe2 Ba6 13. Rd1 O-O 14. Bb1 g6 15. Ne4
Nxe4 16. Bxe4 Rc8 17. Ne5 f5 18. Bf3 Bd6 19. Bh6 Re8 20. g4 Qc7 21. h4 Rcd8 22.
Re3 Nd5 23. Bxd5 cxd5 24. gxf5 exf5 25. Qf3 Bxe5 26. Rxe5 Rxe5 27. dxe5 Qxc4 28.
Bg5 Re8 29. Qxd5+ Qxd5 30. Rxd5 {Game drawn by mutual agreement} 1/2-1/2

[Event "Team 45 45 League T52"]
[Site "Internet Chess Club"]
[Date "2012.03.11"]
[Round "4"]
[White "pmcglothin"]
[Black "LittleWarrior"]
[Result "0-1"]
[WhiteElo "1926"]
[BlackElo "2004"]
[Opening "Sicilian: closed"]
[ECO "B24"]
[Time "10:00:50"]
[TimeControl "2700+45"]

1. e4 c5 2. Nc3 g6 3. g3 Nc6 4. Bg2 Bg7 5. Nge2 Nf6 6. d3 d6 7. Nf4 O-O 8. h4 h5
9. O-O Nd4 10. Nfd5 Nxd5 11. Nxd5 e6 12. Ne3 b5 13. c3 Nc6 14. f4 Qb6 15. Kh2
Bb7 16. Qe2 b4 17. Nc4 Qc7 18. Bd2 a5 19. a3 Rfe8 20. Qe1 d5 21. Ne3 Ba6 22.
exd5 exd5 23. Nxd5 Qd6 24. Qf2 Bxd3 25. Rfe1 Rxe1 26. Rxe1 bxa3 27. bxa3 Rc8 28.
Qf3 c4 29. Qe3 Rb8 30. Ra1 Kh7 31. Qe1 Rb5 32. Ne3 a4 33. Qd1 Rb3 34. Qc1 Ne7
35. Bf3 Nf5 36. Nxf5 Bxf5 37. Bd1 Qd3 38. Ra2 Rb1 39. Qc2 Qf1 40. Qxb1 Bxb1
{White resigns} 0-1

[Event "Team 45 45 League T52"]
[Site "Internet Chess Club"]
[Date "2012.03.10"]
[Round "4"]
[White "futureGM"]
[Black "Bonneville"]
[Result "1-0"]
[WhiteElo "1922"]
[BlackElo "1858"]
[Opening "Petrov: Nimzovich attack"]
[ECO "C42"]
[Time "16:08:40"]
[TimeControl "2700+45"]

1. e4 e5 2. Nf3 Nf6 3. Nxe5 d6 4. Nf3 Nxe4 5. Nc3 Nxc3 6. dxc3 Be7 7. Bd3 O-O 8.
Be3 Re8 9. Qe2 Bf6 10. O-O-O Nc6 11. Rde1 Be6 12. Kb1 Bd5 13. h4 Ne5 14. Nxe5
dxe5 15. f3 c6 16. g4 Qa5 17. a3 Rad8 18. g5 Be7 19. Bc1 b6 20. h5 f6 21. h6 g6
22. gxf6 Bxf6 23. Qg2 Bf7 24. Bg5 Bxg5 25. Qxg5 Qd5 26. Qf6 Qa2+ 27. Kc1 Kf8 28.
Qg7+ Ke7 29. Rxe5+ Kd6 30. Qf6+ Kc7 31. Rhe1 Rxe5 32. Rxe5 Rd7 33. Re7 a5 34.
Qe5+ Kd8 35. Rxd7+ Kxd7 36. Qd4+ Qd5 37. Qxb6 Qxf3 38. Qb7+ Kd6 39. Qb8+ Kd7 40.
Qa7+ Ke8 41. Qb8+ Kd7 42. Qa7+ Ke8 43. b3 Qf4+ 44. Kb2 Qxh6 45. Qxa5 Bd5 46.
Qa8+ Kf7 47. Qb7+ Kf6 48. a4 Qh5 49. Qb6 Ke7 50. a5 Kf6 51. a6 Kf7 52. Qc5 Qh3
53. Bc4 Qd7 54. Bxd5+ cxd5 55. a7 Qb7 56. Qa5 Qa8 57. Qc7+ {Black resigns} 1-0

[Event "Team 45 45 League T52"]
[Site "Internet Chess Club"]
[Date "2012.03.11"]
[Round "4"]
[White "Uwak"]
[Black "gsvc"]
[Result "1/2-1/2"]
[WhiteElo "2466"]
[BlackElo "2379"]
[Opening "Sicilian: Najdorf, 7.f4"]
[ECO "B96"]
[Time "09:01:08"]
[TimeControl "2700+45"]

1. e4 c5 2. Nf3 d6 3. d4 cxd4 4. Nxd4 Nf6 5. Nc3 a6 6. Bg5 e6 7. f4 h6 8. Bh4
Qb6 9. Qd2 Qxb2 10. Rb1 Qa3 11. f5 Be7 12. fxe6 fxe6 13. Bc4 Nxe4 14. Nxe4 Bxh4+
15. g3 Bg5 16. Nxg5 hxg5 17. O-O Qc5 18. Qf2 e5 19. Bf7+ Kd7 20. Nf5 Qxf2+ 21.
Rxf2 Nc6 22. Nxg7 Ke7 23. Bd5 Rf8 24. Nf5+ Rxf5 25. Rxf5 Bxf5 26. Rxb7+ Kf6 27.
Rf7+ Kg6 28. Rc7 Rc8 29. Rxc8 Bxc8 30. Bxc6 Be6 31. Bb7 a5 32. a3 d5 33. Kf2 d4
34. Be4+ Kh5 35. Kf3 g4+ 36. Ke2 Kg5 37. Kd2 Bf5 38. Bd5 e4 39. c3 {Game drawn
by mutual agreement} 1/2-1/2

[Event "Team 45 45 League T52"]
[Site "Internet Chess Club"]
[Date "2012.03.17"]
[Round "4"]
[White "boknoy"]
[Black "BlazekaMatej"]
[Result "1/2-1/2"]
[WhiteElo "1956"]
[BlackElo "2164"]
[Opening "QGD Slav defense: exchange variation"]
[ECO "D13"]
[Time "13:31:17"]
[TimeControl "2700+45"]

1. d4 d5 2. c4 c6 3. cxd5 cxd5 4. Nc3 Nf6 5. Bf4 Nc6 6. Nf3 Nh5 7. e3 Nxf4 8.
exf4 e6 9. Bb5 Bd7 10. Qe2 Bd6 11. g3 O-O 12. O-O a6 13. Bxc6 Bxc6 14. Ne5 Rc8
15. Rac1 b5 16. a3 Bb7 17. b4 Bxe5 18. fxe5 Rc4 19. Qe3 Qb6 20. Ne2 a5 21. Qd2
axb4 22. axb4 Ra8 23. Ra1 Ra4 24. Rab1 Qc6 25. Qg5 h6 26. Qe7 Qc8 27. Rfd1 Rc7
28. Qh4 Rc4 29. Qe7 Rc7 30. Qh4 {Game drawn by mutual agreement} 1/2-1/2

[Event "Team 45 45 League T52"]
[Site "Internet Chess Club"]
[Date "2012.03.11"]
[Round "4"]
[White "L0-VE"]
[Black "loudoun"]
[Result "1-0"]
[WhiteElo "1943"]
[BlackElo "1742"]
[Opening "King's Indian: London system"]
[ECO "A48"]
[Time "15:07:14"]
[TimeControl "2700+45"]

1. d4 Nf6 2. Nf3 g6 3. Bf4 Bg7 4. e3 O-O 5. h3 d6 6. Be2 Nbd7 7. O-O Qe8 8. c4
e5 9. Bh2 Ne4 10. b4 a5 11. b5 b6 12. Qd3 Bb7 13. Nbd2 f5 14. a4 Nxd2 15. Qxd2
e4 16. Ne1 Qe7 17. Nc2 Rae8 18. Rae1 Qh4 19. c5 bxc5 20. Qxa5 cxd4 21. Qxc7 Bc8
22. Qc4+ Kh8 23. Nxd4 Ne5 24. Bxe5 dxe5 25. Nc6 Be6 26. Qb4 Qg5 27. Bc4 Bc8 28.
Bd5 f4 29. Qxe4 Bxh3 30. exf4 Rxf4 31. Qe3 Bc8 32. a5 Qh6 33. a6 Ref8 34. a7 Bb7
35. g3 Qg5 36. Bg2 Rg4 37. Qxg5 Rxg5 38. b6 e4 39. Bxe4 Rb5 40. Rb1 Bb2 41. Rfe1
Rxb6 42. Re2 Bxc6 43. Bxc6 Rxc6 44. Rexb2 Ra6 45. Rb7 Ra2 46. Rb8 Kg8 47. Rxf8+
Kxf8 48. Rb8+ {Black resigns} 1-0